 Dungeon Crawl Stone Soup version 0.17.2-1-ge4368a0 (webtiles) character file.

164 Goblin1989 the Insei (level 5, 27/41 HPs)
             Began as a Demonspawn Monk on Aug 6, 2016.
             Quit the game on level 3 of the Dungeon.
             The game lasted 00:07:04 (2922 turns).

Goblin1989 the Insei (Demonspawn Monk)              Turns: 2922, Time: 00:07:04

Health: 27/41      AC:  8    Str: 12    XL:     5   Next: 21%
Magic:  5/5        EV:  6    Int: 12    God:
Gold:   105        SH:  0    Dex: 15    Spells: 0 memorised, 4 levels left

rFire  . . .     SeeInvis .       - Unarmed
rCold  . . .     Clarity  .     g - +0 chain mail
rNeg   . . .     SustAt   .     (no shield)
rPois  .         Gourm    +     (helmet restricted)
rElec  .         Spirit   .     (no cloak)
rCorr  .         Warding  .     (no gloves)
rMut   .         Stasis   .     (no boots)
MR     .....                    c - amulet of the gourmand
Stlth  ..........               (no ring)
                                (no ring)

@: not resistant to hostile enchantments, extremely unstealthy
A: horns 1, demonic guardian 1
a: no special abilities


You were on level 3 of the Dungeon.
You were very full.

You visited 1 branch of the dungeon, and saw 3 of its levels.

You collected 105 gold pieces.

Inventory:

Missiles
 i - 5 needles of sleeping
 j - 3 throwing nets (quivered)
Armour
 f - a +0 helmet
 g - a +0 chain mail (worn)
Jewellery
 c - an amulet of the gourmand (around neck)
 o - a cursed -2 ring of slaying {unknown}
Scrolls
 a - 4 scrolls of amnesia {unknown}
 e - 9 scrolls of identify {unknown}
 k - 2 scrolls of enchant armour {unknown}
 l - a scroll of recharging {unknown}
 n - 2 scrolls of remove curse {unknown}
 r - a scroll of teleportation {unknown}
Potions
 m - a potion of magic {unknown}
 p - a potion of lignification {unknown}
 q - 2 potions of cure mutation {unknown}
Comestibles
 b - 3 bread rations
 d - a royal jelly
 h - 2 meat rations


   Skills:
 - Level 3.0 Fighting
 - Level 2.6 Dodging
 - Level 1.7 Stealth
 + Level 6.0 Unarmed Combat


You had 4 spell levels left.
You didn't know any spells.

Dungeon Overview and Level Annotations

Branches:
Dungeon (3/15)

Altars:

Annotations:
D:3 Goblin1989's ghost, amateur DsMo


Innate Abilities, Weirdness & Mutations

You have a pair of small horns on your head.
A weak demonic guardian rushes to your aid.


Message History

No target in view!
No target in view!
No target in view!
No target in view!
No target in view!
No target in view!
No target in view!
No target in view!
No target in view!
No target in view!
No target in view!
No target in view!
No target in view!
No target in view!
No target in view!
Saving game... please wait.
Level annotation: Goblin1989's ghost, amateur DsMo Welcome back, Goblin1989 the Demonspawn Monk.
Press ? for a list of commands and other information.
Are you sure you want to abandon this character and quit the game? (Confirm with "yes".)

#...##......###
#...##........#
#...##......#.#
#...##......+
#...##......######.
########..#.[......
#....#?#####.#
#.##...(.# #.
###.#@# # #.#[#
#.#.# #.#.. ..###
###


There were no monsters in sight!

Vanquished Creatures
  2 orc wizards (D:3)
  2 adders
  3 oozes
  2 worms (D:3)
  2 giant geckos
  13 orcs
  6 bats
  2 giant cockroaches (D:2)
  6 hobgoblins
  A quokka (D:2)
  A ball python (D:3)
  2 giant newts
  6 goblins
  10 kobolds
  7 rats
65 creatures vanquished.

Notes
Turn   | Place    | Note
--------------------------------------------------------------
     0 | D:1      | Goblin1989 the Demonspawn Monk began the quest for the Orb.
     0 | D:1      | Reached XP level 1. HP: 18/18 MP: 1/1
   335 | D:1      | Reached skill level 4 in Unarmed Combat
   407 | D:1      | Gained mutation: A weak demonic guardian rushes to your aid. [demonic ancestry]
   407 | D:1      | Reached XP level 2. HP: 16/24 MP: 2/2
  1150 | D:2      | Reached XP level 3. HP: 22/29 MP: 3/3
  2013 | D:2      | Reached skill level 5 in Unarmed Combat
  2208 | D:3      | Noticed Goblin1989's ghost (amateur DsMo)
  2265 | D:3      | Reached XP level 4. HP: 14/35 MP: 4/4
  2874 | D:3      | Gained mutation: You have a pair of small horns on your head. [demonic ancestry]
  2874 | D:3      | Reached XP level 5. HP: 28/41 MP: 5/5
  2917 | D:3      | Reached skill level 6 in Unarmed Combat
  2922 | D:3      | Quit the game

Action                   |  1- 3 |  4- 6 || total
-------------------------+-------+-------++-------
Melee: Unarmed           |   188 |   102 ||   290
  Use: Potion            |       |     3 ||     3
 Stab: Sleeping          |     1 |       ||     1
  Eat: Chunk             |    15 |     1 ||    16
